 Dungeon Crawl Stone Soup version 0.23.2-40-g277498a001 (webtiles) character file.

Game seed: 16758654442624238817

72782 Htamos the Brawler (level 15, -3/247 HPs)
             Began as a Troll Berserker on Sept 3, 2019.
             Was the Champion of Trog.
             Slain by a harpy (18 damage)
             ... summoned by Kirke
             ... on level 15 of the Dungeon.
             The game lasted 01:02:10 (22812 turns).

Htamos the Brawler (Troll Berserker)               Turns: 22812, Time: 01:02:11

Health: -3/247     AC:  0    Str: 38    XL:     15   Next: 2%
Magic:  14/14      EV: 14    Int:  4    God:    Trog [******]
Gold:   895        SH:  0    Dex:  9    Spells: 14/14 levels left

rFire    . . .     SeeInvis .     - Unarmed
rCold    . . .     Gourm    +   (shield currently unavailable)
rNeg     . . .     Faith    +   (armour currently unavailable)
rPois    .         Spirit   .   (helmet currently unavailable)
rElec    .         Reflect  .   (cloak currently unavailable)
rCorr    .         Harm     .   (gloves unavailable)
MR       +....                  (boots unavailable)
Stlth    ..........             E - amulet of faith
HPRegen  0.91/turn              (ring currently unavailable)
MPRegen  0.14/turn              (ring currently unavailable)

@: mighty, berserking (expiring), pig-form, very quick
A: small, unfitting armour, fast metabolism 3, gourmand, regeneration 1
a: Berserk, Trog's Hand, Brothers in Arms, Renounce Religion


You were on level 15 of the Dungeon.
You worshipped Trog.
Trog was exalted by your worship.
You were very full.
You were a filthy swine.
You visited 2 branches of the dungeon, and saw 21 of its levels.
You also visited: Ossuary and Gauntlet.

You collected 1360 gold pieces.
You spent 465 gold pieces at shops.

Inventory:

Hand Weapons
 a - a +4 giant club
 c - a +2 scimitar of draining
 m - the +7 lajatang "Grim Tooth" {slice, +Inv rElec rPois Stlth+}
   (You found it on level 6 of the Lair of Beasts)

   It inflicts extra damage upon your enemies.
   It insulates you from electricity.
   It protects you from poison.
   It lets you turn invisible.
   It makes you more stealthy.
 t - a +0 blowgun
 y - a +8 scimitar of flaming
Missiles
 d - 4 steel javelins
 h - 2 curare-tipped needles
 o - 74 poisoned needles
 R - 8 large rocks
 Y - 17 javelins of penetration (quivered)
Armour
 g - a +2 cloak (melded)
 G - a +2 large shield of protection (melded)
 J - a +2 robe of fire resistance
 T - a +2 troll leather armour (melded)
Jewellery
 i - an uncursed ring of positive energy
 k - a +5 ring of dexterity (melded)
 n - an uncursed ring of protection from magic
 B - a ring of fire (melded)
 E - an amulet of faith (around neck)
 L - an uncursed ring of stealth
 X - an uncursed amulet of the acrobat
Wands
 q - a wand of flame (17)
 H - a wand of digging (3)
 K - a wand of enslavement (4)
 S - a wand of polymorph (13)
 Z - a wand of iceblast (23)
Scrolls
 e - 13 scrolls of teleportation
 j - 3 scrolls of fear
 l - a scroll of blinking
 F - 2 scrolls of identify
 N - a scroll of silence
 O - 2 scrolls of summoning
 P - 2 scrolls of fog
 Q - a scroll of vulnerability
 V - 3 scrolls of magic mapping
Potions
 p - 2 potions of heal wounds
 r - 4 potions of agility
 s - 2 potions of lignification
 u - a potion of mutation
 v - 10 potions of curing
 w - 2 potions of might
 x - 2 potions of brilliance
 z - 3 potions of flight
 A - 2 potions of magic
 D - a potion of ambrosia
 I - a potion of invisibility
 M - 3 potions of berserk rage
 U - 2 potions of haste
 W - 2 potions of resistance
Miscellaneous
 f - a phantom mirror
Comestibles
 b - 23 rations
 C - 3 chunks of flesh


   Skills:
 + Level 14.7 Fighting
 - Level 8.0 Throwing
 - Level 2.4 Dodging
 + Level 5.6 Shields
 + Level 16.5 Unarmed Combat


You had 14 spell levels left.
You didn't know any spells.
Your spell library was empty.

Dungeon Overview and Level Annotations

Branches:
Dungeon (15/15)            Temple (0/1) D:5            Lair (6/6) D:8
 Shoals (0/4) Lair:3        Snake (0/4) Lair:2        Slime (0/5) Lair:6
    Orc (0/2) D:10         Vaults (0/5) D:14
 Depths: D:15

Altars:
Ashenzari
Dithmenos
Fedhas
Gozag
Makhleb
Okawaru
Qazlal
Ru
Sif Muna
Yredelemnul
The Shining One

Shops:
D:10 ?

Annotations:
D:7 exclusion: downstairs
D:13 exclusion: downstairs
D:15 Kirke
Lair:1 exclusion: downstairs
Lair:5 exclusions: downstairs and 3 oklob plants


Innate Abilities, Weirdness & Mutations

You are too large for most types of armour.
((You have claws for hands.))
Your metabolism is lightning-fast.
You like to eat raw meat.
Your natural rate of healing is unusually fast.
((You are covered in fur. (AC +1)))
((You have extremely tough skin. (AC +3)))


Message History

The harpy claws you.
* * * LOW HITPOINT WARNING * * *
You hear some strange, mumbled words.
Nothing appears to happen.
You bite something! The harpy claws you!
* * * LOW HITPOINT WARNING * * *
The harpy claws you.
* * * LOW HITPOINT WARNING * * *
Unknown command.
The harpy screeches!
The basilisk gazes at you. The harpy claws you!
* * * LOW HITPOINT WARNING * * *
The harpy claws you.
* * * LOW HITPOINT WARNING * * *
Unknown command.
You are too berserk!
Okay, then.
You bite something! The harpy claws you!!
You die...

#....###'###..#
.........[....#
..............#
.......hh######
########h+ #l# #.#
#{# #h# #H#
#.######+##
###+####..........
..................
..................
..........#######.
##......##
#.....##


You could see a harpy, a basilisk and 3 hogs.

Vanquished Creatures
  Nessos (D:12)
  A minotaur (Gauntlet)
  A fire dragon (D:15)
  7 hydras
  An anaconda (Lair:6)
  An ogre mage (D:14)
  Erica (D:8)
  2 centaur warriors (D:14)
  4 two-headed ogres
  7 death yaks (Lair:6)
  Urug (D:13)
  A fire crab (Lair:6)
  An unseen horror (D:13)
  A deep elf archer (D:14)
  Pikel (D:7)
  3 deep elf magi (D:14)
  An oklob plant (Lair:5)
  An orc knight (D:14)
  12 ugly things
  A manticore (D:13)
  A cyclops (shapeshifter) (D:13)
  2 black mambas
  An ice statue (Gauntlet)
  24 spiny frogs
  2 gargoyles
  2 rime drakes
  11 komodo dragons
  A tengu conjurer (Gauntlet)
  An efreet (D:14)
  A merfolk (D:14)
  2 polar bears
  5 trolls
  5 tyrant leeches
  25 blink frogs
  A snapping turtle (Lair:3)
  9 slime creatures
  6 dream sheep (Lair:5)
  9 hippogriffs
  A wraith (D:14)
  52 yaks
  4 wyverns
  A vampire (D:12)
  6 vampire mosquitoes
  2 basilisks
  3 wargs (D:10)
  2 nagas (Lair:2)
  An acid dragon (D:14)
  A soldier ant (D:13)
  8 porcupines
  8 water moccasins
  6 ice beasts
  A black bear (D:7)
  10 orc warriors
  6 sky beasts
  A slave (D:7)
  A phantom (D:14)
  3 necrophages
  A wolf (Lair:3)
  5 centaurs
  8 ogres
  9 crocodiles
  4 big kobolds
  26 bullfrogs
  3 wyvern zombies
  3 scorpions
  A wyvern skeleton (D:13)
  A killer bee (Lair:3)
  8 wights
  4 howler monkeys
  3 centaur zombies
  2 crimson imps
  A quasit (D:8)
  A bullfrog zombie (Ossuary)
  5 hounds
  6 orc priests
  2 bullfrog skeletons
  6 jellies
  14 orc wizards
  2 centaur skeletons
  An iguana (D:5)
  7 worker ants
  4 hound zombies (Ossuary)
  A hound skeleton (D:6)
  15 mummies (Ossuary)
  2 worker ant zombies (Ossuary)
  6 gnolls
  6 adders
  3 shadow imps
  2 oozes
  2 adder skeletons
  3 adder zombies (Ossuary)
  A worm (D:2)
  3 dart slugs
  3 leopard geckos
  37 orcs
  2 gnoll zombies (D:9)
  4 goblins
  9 hobgoblins
  8 bats
  6 frilled lizards
  A giant cockroach zombie (Ossuary)
  28 kobolds
  2 quokka zombies (Ossuary)
  8 rats
  A plant (Lair:6)
554 creatures vanquished.

Vanquished Creatures (others)
  A wyvern (D:12)
  An ice beast (D:7)
  A slave (D:7)
  A crocodile (Lair:6)
  A bullfrog (D:7)
  A worker ant (D:7)
  An adder (D:7)
  An orc (D:7)
  A ball python (D:7)
  23 bushes
  40 fungi
  32 plants
104 creatures vanquished.

Grand Total: 658 creatures vanquished

Notes
Turn   | Place    | Note
-------+----------+-------------------------------------------
     0 | D:1      | Htamos the Troll Berserker began the quest for the Orb.
     0 | D:1      | Reached XP level 1. HP: 22/22 MP: 0/0
   134 | D:1      | Reached XP level 2. HP: 23/31 MP: 1/1
   546 | D:2      | Reached ** piety under Trog
   571 | D:2      | Found a blossoming altar of Fedhas.
   589 | D:1      | Reached XP level 3. HP: 35/37 MP: 2/2
   663 | D:2      | Reached skill level 1 in Throwing
   739 | D:2      | Reached XP level 4. HP: 48/48 MP: 3/3
  1850 | D:3      | Reached XP level 5. HP: 49/55 MP: 4/4
  2284 | D:4      | Found a shattered altar of Ashenzari.
  2341 | D:4      | Noticed an ogre
  2449 | D:3      | Killed an ogre
  2449 | D:3      | Reached XP level 6. HP: 65/65 MP: 5/5
  2487 | D:4      | Reached skill level 5 in Fighting
  2533 | D:4      | Reached skill level 4 in Unarmed Combat
  2581 | D:4      | Found a sand-covered staircase.
  2585 | Ossuary  | Entered an ossuary
  2600 | Ossuary  | Reached *** piety under Trog
  2618 | Ossuary  | Reached XP level 7. HP: 69/72 MP: 6/6
  2772 | Ossuary  | Received a gift from Trog
  2772 | Ossuary  | Reached skill level 5 in Unarmed Combat
  3293 | D:5      | Entered Level 5 of the Dungeon
  3325 | D:4      | Reached XP level 8. HP: 64/83 MP: 7/7
  3451 | D:5      | Reached **** piety under Trog
  3506 | D:5      | Received a gift from Trog
  3516 | D:5      | Found a glowing golden altar of the Shining One.
  3667 | D:5      | Found a staircase to the Ecumenical Temple.
  4053 | D:5      | Reached skill level 6 in Unarmed Combat
  4195 | D:5      | Found a burning altar of Makhleb.
  4319 | D:6      | Reached skill level 5 in Throwing
  4606 | D:6      | Found an opulent altar of Gozag.
  4693 | D:6      | Reached XP level 9. HP: 29/92 MP: 8/8
  4770 | D:6      | Reached skill level 7 in Unarmed Combat
  4953 | D:6      | Found a shadowy altar of Dithmenos.
  4955 | D:6      | Found a stormy altar of Qazlal.
  5004 | D:7      | Noticed Pikel
  5016 | D:7      | Killed Pikel
  5617 | D:8      | Reached skill level 8 in Unarmed Combat
  5807 | D:8      | Noticed Erica
  5952 | D:8      | Killed Erica
  5952 | D:8      | Reached XP level 10. HP: 104/104 MP: 9/9
  5980 | D:8      | Found a staircase to the Lair.
  6315 | D:8      | Found an iron altar of Okawaru.
  6451 | D:9      | Found a sacrificial altar of Ru.
  6495 | D:9      | Reached ***** piety under Trog
  6523 | D:9      | Noticed a two-headed ogre
  6677 | D:9      | Reached skill level 9 in Unarmed Combat
  6731 | D:9      | Killed a two-headed ogre
  6914 | D:9      | Found a basalt altar of Yredelemnul.
  7172 | D:10     | Entered Level 10 of the Dungeon
  7184 | D:10     | Noticed a gargoyle
  7191 | D:10     | Killed a gargoyle
  7200 | D:10     | Found Hoppuq's Magic Scroll Boutique.
  7220 | D:10     | Bought a scroll of teleportation for 30 gold pieces
  7220 | D:10     | Bought a scroll of summoning for 95 gold pieces
  7220 | D:10     | Bought a scroll of fog for 20 gold pieces
  7220 | D:10     | Bought a scroll of vulnerability for 75 gold pieces
  7220 | D:10     | Bought a scroll of summoning for 95 gold pieces
  7221 | D:10     | Bought a scroll of enchant weapon for 75 gold pieces
  7221 | D:10     | Bought a scroll of enchant weapon for 75 gold pieces
  7590 | D:10     | Found a staircase to the Orcish Mines.
  7861 | D:10     | Reached skill level 10 in Unarmed Combat
  8339 | D:11     | Reached XP level 11. HP: 98/115 MP: 10/10
  8346 | D:11     | Received a gift from Trog
  9016 | Lair:1   | Entered Level 1 of the Lair of Beasts
  9073 | Lair:1   | Found a deep blue altar of Sif Muna.
  9264 | Lair:1   | Reached skill level 10 in Fighting
  9808 | Lair:2   | Reached skill level 11 in Unarmed Combat
 10325 | Lair:2   | Found a staircase to the Snake Pit.
 10915 | Lair:3   | Received a gift from Trog
 10926 | Lair:3   | Reached skill level 12 in Unarmed Combat
 11029 | Lair:3   | Reached XP level 12. HP: 130/130 MP: 11/11
 11553 | Lair:3   | Found a staircase to the Shoals.
 11684 | Lair:3   | Reached skill level 13 in Unarmed Combat
 13793 | Lair:5   | Noticed a five-headed hydra
 13972 | Lair:5   | You fall through a shaft!
 13972 | Lair:6   | Entered Level 6 of the Lair of Beasts
 13972 | Lair:6   | Found a gate leading to a gauntlet.
 13976 | Gauntlet | Entered a Gauntlet
 13976 | Gauntlet | Found a transporter.
 13985 | Gauntlet | Found a transporter.
 13998 | Gauntlet | Noticed a tengu warrior
 14000 | Gauntlet | Found a transporter.
 14005 | Gauntlet | Found a transporter.
 14016 | Gauntlet | Noticed a death yak
 14018 | Gauntlet | Noticed a death yak
 14019 | Gauntlet | Noticed a death yak
 14020 | Gauntlet | Noticed a death yak
 14021 | Gauntlet | Noticed a death yak
 14022 | Gauntlet | Found a transporter.
 14022 | Gauntlet | Noticed a death yak
 14040 | Gauntlet | Found a transporter.
 14052 | Gauntlet | Found a transporter.
 14052 | Gauntlet | Noticed a balrug
 14058 | Gauntlet | Found a transporter.
 14072 | Gauntlet | Noticed a blizzard demon
 14073 | Gauntlet | Found a transporter.
 14085 | Gauntlet | Found a transporter.
 14086 | Gauntlet | Noticed a cacodemon
 14097 | Gauntlet | Found a transporter.
 14114 | Gauntlet | Found a transporter.
 14132 | Gauntlet | Found a transporter.
 14134 | Gauntlet | Found a transporter.
 14161 | Gauntlet | Found a transporter.
 14161 | Gauntlet | Found a transporter.
 14181 | Gauntlet | Found a transporter.
 14273 | Gauntlet | Found a transporter.
 14572 | Gauntlet | Noticed a minotaur
 14614 | Gauntlet | Killed a minotaur
 14712 | Gauntlet | Identified Sif Muna's Catalogue of Rationality
 14718 | Gauntlet | Found the +8 mithril axe "Arga" {speed, MR+}
 14861 | Lair:5   | Reached XP level 13. HP: 121/141 MP: 12/12
 14973 | Lair:5   | Reached skill level 14 in Unarmed Combat
 14979 | Lair:5   | Received a gift from Trog
 15774 | Lair:6   | Received a gift from Trog
 16113 | Lair:5   | Received a gift from Trog
 17377 | Lair:6   | Reached skill level 15 in Unarmed Combat
 17626 | Lair:6   | Received a gift from Trog
 17976 | Lair:6   | Received a gift from Trog
 17980 | Lair:6   | Found a staircase to the Slime Pits.
 18314 | Lair:6   | Reached XP level 14. HP: 154/154 MP: 13/13
 18412 | Lair:6   | Reached skill level 1 in Shields
 18548 | Lair:6   | Received a gift from Trog
 18899 | Lair:6   | Reached ****** piety under Trog
 18912 | Lair:6   | Got a warped lajatang
 18918 | Lair:6   | Identified the +7 lajatang "Grim Tooth" {slice, +Inv rElec
                  | rPois Stlth+} (You found it on level 6 of the Lair of
                  | Beasts)
 19211 | Lair:6   | Found a staircase to the Slime Pits.
 19930 | D:12     | Noticed Nessos
 19958 | D:12     | Killed Nessos
 19960 | D:12     | Received a gift from Trog
 20813 | D:13     | Noticed Urug
 20827 | D:13     | Killed Urug
 21000 | D:13     | Reached skill level 16 in Unarmed Combat
 21750 | D:14     | Received a gift from Trog
 21950 | D:14     | Reached skill level 5 in Shields
 22224 | D:14     | Found a gate to the Vaults.
 22644 | D:15     | Entered Level 15 of the Dungeon
 22698 | D:15     | Reached XP level 15. HP: 164/165 MP: 14/14
 22776 | D:15     | Noticed Kirke
 22812 | D:15     | Slain by a harpy

Skill      XL: |  1  2  3  4  5  6  7  8  9 10 11 12 13 14 |
---------------+-------------------------------------------+-----
Fighting       | 3 4 5 6 8 9 11 12 13 14 | 14.7
Throwing       | 1 2 3 4 5 7 8 |  8.0
Unarmed Combat | 4 5 6 8 10 12 13 15 16 | 16.5
Shields        | 5 |  5.6
Dodging        | |  2.4

Action                   |  1- 3 |  4- 6 |  7- 9 | 10-12 | 13-15 || total
-------------------------+-------+-------+-------+-------+-------++-------
Melee: Unarmed           |    79 |   148 |   291 |   596 |   671 ||  1785
       Punch             |     2 |     4 |    13 |    38 |    22 ||    79
       Scimitar          |       |       |       |       |    39 ||    39
 Fire: Blowgun           |       |       |       |     5 |       ||     5
Throw: Javelin           |       |       |       |       |     1 ||     1
Invok: Berserk           |       |     1 |     2 |     6 |    10 ||    19
       Trog's Hand       |       |     1 |     1 |       |     2 ||     4
Evoke: Wand              |       |       |     7 |     5 |     6 ||    18
  Use: Scroll            |       |     8 |     2 |    26 |     8 ||    44
       Potion            |       |       |     1 |     3 |     6 ||    10
 Stab: Sleeping          |     1 |       |       |     1 |       ||     2
       Distracted        |       |       |     1 |       |       ||     1
       Invisible         |       |       |       |       |     2 ||     2
  Eat: Chunk             |    12 |    17 |    34 |    81 |    73 ||   217
       Ration            |       |       |       |     2 |     3 ||     5
Armor: Animal skin       |    41 |    51 |   104 |       |       ||   196
       Skin              |       |       |       |    41 |     4 ||    45
       Troll leather arm |       |       |       |   116 |   207 ||   323
Dodge: Dodged            |    52 |    75 |   125 |   209 |   164 ||   625
Block: Large shield      |       |       |       |       |   283 ||   283
       Rpst.: Scimitar   |       |       |       |       |     5 ||     5
